 Dungeon Crawl Stone Soup version 0.23-a0-299-g9a66eeb (webtiles) character file.

237 Gildeon the Shield-Bearer (level 6, 0/48 HPs)
             Began as a Formicid Fighter on Oct 6, 2018.
             Was an Initiate of Ashenzari.
             Slain by a gnoll
             ... wielding a +0 spear
              (5 damage)
             ... on level 4 of the Dungeon.
             The game lasted 00:11:02 (1947 turns).

Gildeon the Shield-Bearer (Formicid Fighter)        Turns: 1947, Time: 00:11:04

Health: 0/48       AC:  9    Str: 22    XL:     6   Next: 28%
Magic:  6/6        EV: 10    Int:  8    God:    Ashenzari [......]
Gold:   123        SH: 10    Dex: 10    Spells: 5/5 levels left

rFire    . . .     SeeInvis +   a - +0 trident
rCold    . . .     Gourm    .   c - +0 shield
rNeg     . . .     Faith    .   d - +4 ring mail {rPois} (curse)
rPois    +         Spirit   .   (helmet unavailable)
rElec    .         Reflect  .   (no cloak)
rCorr    .         Harm     .   (no gloves)
MR       .....                  (no boots)
Stlth    +.........             (no amulet)
HPRegen  0.16/turn              l - ring of stealth
MPRegen  0.10/turn              (no ring)

@: lethally poisoned (0 -> -6)
A: permanent stasis, dig shafts and tunnels, four strong arms, antennae 3
a: Dig, Shaft Self, Curse Item, Renounce Religion


You were on level 4 of the Dungeon.
You worshipped Ashenzari.
Ashenzari was noncommittal.
You were not hungry.

You visited 1 branch of the dungeon, and saw 4 of its levels.

You collected 123 gold pieces.

Inventory:

Hand Weapons
 a - a +0 trident (weapon)
Armour
 c - a +0 shield (worn)
 d - a cursed +4 ring mail of poison resistance (worn)
Jewellery
 l - a ring of stealth (left hand)
Scrolls
 h - a scroll of teleportation {unknown}
 j - 2 scrolls of remove curse
Potions
 b - a potion of resistance {unknown}
 e - a potion of cancellation
 g - 3 potions of heal wounds
 k - a potion of brilliance {unknown}
 o - 2 potions of lignification {unknown}
 p - 2 potions of curing
Comestibles
 f - 2 rations
 n - 2 chunks of flesh


   Skills:
 + Level 4.1 Fighting
 * Level 3.9 Polearms
 + Level 4.1 Armour
 + Level 1.8 Dodging
 + Level 4.6 Shields


You had 5 spell levels left.
You didn't know any spells.
Your spell library was empty.

Dungeon Overview and Level Annotations

Branches:
Dungeon (4/15)
 Temple: D:4-7

Altars:
Ashenzari
Fedhas
Hepliaklqana
Trog
Yredelemnul

Shops:
D:4 ?

Annotations:
D:3 2 transporters


Innate Abilities, Weirdness & Mutations

You cannot be hasted, slowed, berserked, paralysed or teleported.
You can dig through walls and to a lower floor.
Your four strong arms can wield two-handed weapons with a shield.
You have a pair of large antennae on your head. (SInv)


Message History

The gnoll hits you from afar with a spear of venom.
* * * LOW HITPOINT WARNING * * *
The gnoll barely misses you. The gnoll closely misses you.
The gnoll hits you from afar with a spear of venom.
* * * LOW HITPOINT WARNING * * *
You are lethally poisoned!
You feel better. You block the gnoll's attack. The gnoll closely misses you.
The gnoll hits you but does no damage.
You are poisoned.
Attack whom?
Press: ? - help, Dir - move target cursor, f/p - gnoll
Aim: a gnoll, wielding a spear of venom (moderately wounded)
The gnoll is in the way.
Your shield prevents you from hitting the gnoll.
The gnoll is heavily wounded.
You feel sick. The gnoll completely misses you. The gnoll barely misses you.
The gnoll hits you from afar with a spear of venom!
* * * LOW HITPOINT WARNING * * *
The gnoll hits you from afar with a spear.
You die...

****,,,****** *******,,,,,,*
,,,*,,,**.,,* *,,,,,+,,,,,,*
,,,*,,,**..,########*.#**,,,,,,*
,,,*,,,**...#...#..,,.###,******
,,,,,,,,,.........###...#,*
,,,,,,,,,#............#.#,*
,,,,,,,..#...g.gg..)....#,******
,,,***,..#######g...∩...#,,,,,,*
,,,,,,,.........@......##,,,,,,*
,****,,.................#,,,,,,*
,****,,,#...............#+*******
,+,,,,,,..............#...,,**,,,
,***,,,,,..##.........<...,,**,**
,,,+,,,,,.,++.......#.#...,,,,,,,
*,,*,,,,,,,*#....#..#.#*#+*+**,**
,,,,,,,,..{*##.....##,#**,,,,*,**
,,,,,,,,...,,+.....+,,,,,>,,,+,*≈


You could see 3 gnolls.

Vanquished Creatures
  An ogre (D:2)
  An orc wizard (D:3)
  5 adders
  A gnoll (D:4)
  A worm (D:3)
  A dart slug (D:1)
  4 leopard geckos
  4 orcs (D:3)
  14 bats
  A giant cockroach (D:2)
  5 goblins
  7 hobgoblins
  5 kobolds
  2 quokkas
  5 frilled lizards
  2 gnoll zombies (D:2)
  7 rats
66 creatures vanquished.

Notes
Turn   | Place    | Note
-------+----------+-------------------------------------------
     0 | D:1      | Gildeon the Formicid Fighter began the quest for the Orb.
     0 | D:1      | Reached XP level 1. HP: 18/18 MP: 1/1
    78 | D:1      | Reached XP level 2. HP: 24/24 MP: 2/2
   165 | D:1      | Found a shattered altar of Ashenzari.
   192 | D:1      | Became a worshipper of Ashenzari the Shackled
   438 | D:2      | Reached XP level 3. HP: 20/29 MP: 3/3
   895 | D:2      | Reached skill level 1 in Dodging
   926 | D:2      | Reached XP level 4. HP: 36/36 MP: 4/4
   951 | D:2      | Noticed an ogre
   965 | D:2      | Killed an ogre
   965 | D:2      | Reached XP level 5. HP: 36/42 MP: 5/5
  1094 | D:2      | Found a basalt altar of Yredelemnul.
  1135 | D:2      | Found a hazy altar of Hepliaklqana.
  1413 | D:3      | Found a blossoming altar of Fedhas.
  1462 | D:3      | Reached XP level 6. HP: 36/48 MP: 6/6
  1613 | D:3      | Found a bloodstained altar of Trog.
  1738 | D:3      | Found a transporter.
  1744 | D:3      | Found a transporter.
  1744 | D:3      | Noticed a phantom
  1759 | D:3      | Noticed a purple ugly thing
  1919 | D:4      | Found Farul's Magic Scroll Emporium.
  1947 | D:4      | Slain by a gnoll

Vault maps used:
D:1:      shiori_arrival_oz, ashenzari_altar_1
D:2:      lemuel_round_altar, lemuel_zombie_altar_yredelemnul, minmay_tromino_v7
D:3:      marbit_many_paths, gammafunk_temple_overflow_arena, minmay_bisected
D:4:      kennysheep_goblin_castle, lightli_sewer_entry_pipes, serial_shops,
          shop

Skill      XL: |  1  2  3  4  5 |
---------------+----------------+-----
Shields        | 4 |  4.6
Dodging        | 1 |  1.8
Polearms       | 3 |  3.9
Fighting       | 4 |  4.1
Armour         | 4 |  4.1

Action                   |  1- 3 |  4- 6 || total
-------------------------+-------+-------++-------
Melee: Trident           |   116 |   151 ||   267
Invok: Curse Item        |       |     1 ||     1
  Use: Potion            |       |     2 ||     2
       Scroll            |       |     8 ||     8
  Eat: Chunk             |       |     4 ||     4
Armor: Scale mail        |    48 |    41 ||    89
       Ring mail         |       |    51 ||    51
Dodge: Dodged            |    44 |    76 ||   120
Block: Shield            |    70 |   109 ||   179

Table legend:
 A = Non-vault XP
 B = Vault XP
 C = Vault XP percentage of total XP
 D = Non-vault monster count
 E = Vault monster count
 F = Vault count percentage of total count
                 A         B        C        D         E       F
            +---------+---------+-------+---------+---------+-------
      Total |     297 |      42 |  12.4 |      56 |      10 |  15.2
            +---------+---------+-------+---------+---------+-------
        D:1 |      22 |       4 |  15.4 |      12 |       2 |  14.3
        D:2 |     177 |       6 |   3.3 |      18 |       4 |  18.2
        D:3 |      83 |      32 |  27.8 |      24 |       4 |  14.3
        D:4 |      15 |       0 |   0.0 |       2 |       0 |   0.0
            +---------+---------+-------+---------+---------+-------
